 Dungeon Crawl Stone Soup version 0.32-a0-818-gb728d0252e (webtiles) character file.

Game seed: 8360477881211657654

162007 MusterMark the Basher (level 17, -2/132 HPs)
             Began as a Mountain Dwarf Reaver on Mar 2, 2024.
             Was an Initiate of Gozag.
             Slain by a tentacle (4 damage)
             ... attached to a kraken
             ... on level 4 of the Shoals on Mar 23, 2024.
             The game lasted 03:09:22 (37172 turns).

MusterMark the Basher (Mountain Dwarf Reaver)      Turns: 37172, Time: 03:09:22

Health: -2/132     AC: 28    Str: 32    XL:     17   Next: 21%
Magic:  1/42       EV: 11    Int: 23    God:    Gozag
Gold:   4950       SH:  0    Dex: 13    Spells: 4/29 levels left

rFire   + + .        N - +6 Majin-Bo {spellvamp, MP+6 Int+6}
rCold   + + .        (no shield)
rNeg    + + .        n - +6 chain mail of Zipsoica {rN+ Dex+4 SInv}
rPois   +            C - +2 hat "Ucriod" {Regen+ rCorr}
rElec   .            i - +1 cloak {rCorr}
rCorr   +            j - +2 pair of gloves {Str+3}
SInv    +            S - +1 pair of boots {Fly}
Will    +....        G - amulet of Spite {rN+ Regen+ MP+9 Int+2} Stlth
                     e - +6 ring of strength
HPRegen 2.02/turn    m - ring of Ellaxuti {rPois rF+ rC+}
MPRegen 0.28/turn

%: no passive effects
@: gold aura, flying
A: runic magic, artefact enchanting, hooves 1, camouflage 1, cold resistance 1,
fire resistance 1, strong 1
a: Renounce Religion, Potion Petition, Call Merchant, Bribe Branch


You were on level 4 of the Shoals.
You worshipped Gozag.
Gozag was most pleased with you.
You visited 5 branches of the dungeon, and saw 27 of its levels.
You also visited: Ossuary, Gauntlet and Ice Cave.

You collected 9678 gold pieces.
You spent 2338 gold pieces at shops.
You paid 2390 gold pieces to Gozag.

Inventory:

Hand Weapons
 a - the +8 mace of Obbyapu {speed, rC++ rN+}
   (You found it on level 6 of the Dungeon)

   rC++:      It greatly protects you from cold.
   rN+:       It protects you from negative energy.
 q - a +0 dire flail of protection
 N - the +6 Majin-Bo (weapon) {spellvamp, MP+6 Int+6}
   (You acquired it on level 4 of the Lair of Beasts)

   Int+6:     It affects your intelligence (+6).
   MP+6:      It affects your magic capacity (+6).
 V - a +4 heavy trident
Missiles
 d - 25 poisoned darts
 p - 6 datura-tipped darts
 K - 9 curare-tipped darts
 P - a throwing net
Armour
 i - a +1 cloak of preservation (worn)
 j - a +2 pair of gloves of strength (worn)
 n - the +6 chain mail of Zipsoica (worn) {rN+ Dex+4 SInv}
   (You found it on level 11 of the Dungeon)

   Dex+4:     It affects your dexterity (+4).
   rN+:       It protects you from negative energy.
   SInv:      It lets you see invisible.
 C - the +2 hat "Ucriod" (worn) {Regen+ rCorr}
   (You acquired it on level 4 of the Lair of Beasts)

   Regen+:    It increases your rate of health regeneration.
   rCorr:     It protects you from acid and corrosion.
 S - a +1 pair of boots of flying (worn)
Jewellery
 b - a ring of protection from fire
 e - a +6 ring of strength (left hand)
 m - the ring of Ellaxuti (right hand) {rPois rF+ rC+}
   (You found it in a Gauntlet)

   [ring of protection from cold]

   rF+:       It protects you from fire.
   rC+:       It protects you from cold.
   rPois:     It protects you from poison.
 G - the amulet of Spite (around neck) {rN+ Regen+ MP+9 Int+2}
   (You acquired it on level 8 of the Dungeon)

   [amulet of regeneration]

   Int+2:     It affects your intelligence (+2).
   rN+:       It protects you from negative energy.
   MP+9:      It affects your magic capacity (+9).
   Regen+:    It increases your rate of health regeneration.
 Y - a ring of fire
Wands
 v - a wand of charming (8)
 z - a wand of iceblast (9)
 B - a wand of flame (24)
 F - a wand of light (32)
 U - a wand of polymorph (3)
 W - a wand of mindburst (5)
Scrolls
 l - 3 scrolls of fog
 o - a scroll of enchant weapon
 r - 3 scrolls of blinking
 t - 5 scrolls of fear
 w - 2 scrolls of silence
 y - a scroll of summoning
 A - 5 scrolls of poison
 E - 10 scrolls of teleportation
 H - 4 scrolls of immolation
 L - a scroll of torment
Potions
 f - a potion of berserk rage
 g - 3 potions of curing
 h - 3 potions of lignification
 k - a potion of magic
 s - a potion of heal wounds
 u - 9 potions of enlightenment
 D - 2 potions of might
 I - 2 potions of haste
 O - 5 potions of ambrosia
 Q - a potion of cancellation
 R - 4 potions of invisibility
Miscellaneous
 c - a phantom mirror
 x - a phial of floods
 T - a lightning rod (4/4)
 Z - a condenser vane


   Skills:
 - Level 7.0 Fighting
 - Level 14.0(15.1) Maces & Flails
 - Level 8.7(12.0) Staves
 - Level 12.0 Armour
 - Level 6.0 Dodging
 + Level 6.9 Spellcasting
 - Level 12.0 Conjurations
 - Level 10.0 Summonings
 + Level 9.2 Necromancy
 - Level 10.0 Ice Magic
 - Level 10.0 Earth Magic
 + Level 9.2 Evocations


You had 4 spell levels left.
You knew the following spells:

 Your Spells              Type           Power      Damage    Failure   Level
a - Kiss of Death         Conj/Necr      100%       2d13      1%          1
b - Momentum Strike       Conj/Tloc      70%        3d9       1%          2
c - Hailstorm             Conj/Ice       55%        3d11      1%          3
d - Stone Arrow           Conj/Erth      100%       3d13      1%          3
e - Animate Armour        Summ/Erth      100%       N/A       1%          4
f - Lee's Rapid Deconstr  Erth           26%        3d14*     4%          5
g - Vampiric Draining     Necr           50%        2d9       1%          3
h - Dispel Undead         Necr           50%        3d19      2%          4

Your spell library contained the following spells:

 Spells                   Type           Power      Damage    Failure   Level
 Necrotise                Necr           100%       1d9       1%          1
 Shock                    Conj/Air       100%       1d9       1%          1
 Call Imp                 Summ           100%       N/A       1%          2
 Ensorcelled Hibernation  Hex/Ice        60%        N/A       1%          2
 Sublimation of Blood     Necr           50%        N/A       1%          2
 Passwall                 Erth           52%        N/A       1%          3
 Martyr's Knell           Necr/Summ      51%        N/A       1%          4
 Cigotuvi's Dreadful Rot  Necr/Alch/Air  44%        N/A       4%          2
 Leda's Liquefaction      Alch/Erth      15%        N/A       13%         4
 Petrify                  Alch/Erth      30%        N/A       13%         4
 Blink                    Tloc           14%        N/A       16%         2
 Lesser Beckoning         Tloc           14%        N/A       16%         2
 Gell's Gravitas          Tloc           7%         N/A       30%         3
 Swiftness                Air            7%         N/A       30%         3
 Teleport Other           Tloc           7%         N/A       30%         3
 Volatile Blastmotes      Fire/Tloc      14%        2d11      30%         3
 Airstrike                Air            3%         2d(1-17)  69%         4
 Iskenderun's Battlesphe  Conj           58%        2d11      1%          5
 Curse of Agony           Necr           50%        N/A       6%          5
 Bombard                  Conj/Erth      27%        9d5       17%         6
 Irradiate                Conj/Alch      17%        3d17      24%         5
 Permafrost Eruption      Ice/Erth       26%        2x4d8     26%         6
 Spellforged Servitor     Conj/Summ      27%        N/A       67%         7
 Conjure Ball Lightning   Conj/Air       17%        3x3d6     78%         6
 Summon Hydra             Summ           26%        N/A       80%         7
 Dispersal                Tloc           3%         N/A       100%        6
 Discord                  Hex            3%         N/A       100%        8
 Disjunction              Tloc           3%         N/A       100%        8
 Lehudib's Crystal Spear  Conj/Erth      27%        10d7      100%        8


Dungeon Overview and Level Annotations

Branches:
Dungeon (15/15)            Temple (1/1) D:7            Lair (5/5) D:11
 Shoals (4/4) Lair:3        Snake (0/4) Lair:3        Slime (0/5) Lair:4
    Orc (2/2) D:12            Elf (0/3) Orc:2        Vaults (0/5) D:13
 Depths (0/4) D:15        Ossuary (visited)           IceCv (visited)
Gauntlet (visited)

Altars:
Ashenzari
Cheibriados
Dithmenos
Elyvilon
Fedhas
Gozag
Hepliaklqana
Kikubaaqudgha
Makhleb
Nemelex Xobeh
Okawaru
Qazlal
Ru
Sif Muna
Trog
Uskayaw
Vehumet
Wu Jian
Xom
Yredelemnul
Zin
The Shining One

Shops:
D:6 (   D:7 :*   D:8 *((   Orc:1 *   Orc:2 :(?!

Portals:
Trove: D:10 (give 6 scrolls of fear)

Annotations:
D:3 2 transporters, Larett's ghost, weakling FoEE
Orc:1 1 runed translucent door


Innate Abilities, Weirdness & Mutations

Your spellcasting is much less encumbered by armour.
You can use scrolls of enchantment on lesser artefacts.
You have large cloven feet.
Your skin changes colour to match your surroundings (Stealth+).
Your flesh is cold resistant. (rC+)
Your flesh is heat resistant. (rF+)
Your muscles are strong. (Str +4, Int/Dex -1)


Message History

The tentacle slaps you but does no damage.
The merfolk javelineer is engulfed in a cloud of scalding steam.
The merfolk javelineer throws a silver javelin.
The silver javelin pierces through you. The silver sears you!
Unknown command.
You sock the tentacle!
You feel better.
The tentacle is moderately wounded.
The tentacle slaps you but does no damage. x2
The merfolk aquamancer casts a spell at you.
The torrent of water hits you but does no damage.
You shrug off the wave.
You are knocked back by the torrent of water.
The wave splashes down.
The water nymph is distracted by your dazzling golden aura.
The water nymph shouts!
Unknown command.
You sock the tentacle!
You feel better.
The tentacle is heavily wounded.
The tentacle slaps you! x2
* * * LOW HITPOINT WARNING * * *
The kraken is distracted by your dazzling golden aura.
Unknown command.
Casting: Lee's Rapid Deconstruction (dangerous; 4% risk of failure)
Confirm with . or Enter, or press ? or * to list all spells.
* * * LOW HITPOINT WARNING * * *
The water nymph is no longer distracted by gold.
The tentacle slaps you!
* * * LOW HITPOINT WARNING * * *
The tentacle slaps you but does no damage.
The merfolk javelineer throws a silver javelin.
The silver javelin pierces through you.
* * * LOW HITPOINT WARNING * * *
The silver sears you!
* * * LOW HITPOINT WARNING * * *
The water nymph gestures at you while chanting.
The water rises up and strikes you!!
* * * LOW HITPOINT WARNING * * *
The tentacle slaps you.
You die...
Your body crumbles into a pile of gold.

~...~.≈~
.....~≈≈≈≈≈#
.....≈≈≈≈≈≈#
.....~≈≈≈≈≈#
......≈≈≈≈≈#
......≈§≈≈≈#
.......≈≈≈≈#
....!Λ.§§≈≈#
#/.w@[≈≈#
~../#─wm≈≈≈#
~ #/#m$≈≈≈#
.│#m#≈≈≈≈#
#\│.m#≈≈≈≈#
##Xw~#≈≈≈≈#
# ≈m#w
#≈≈≈≈# ##
~.≈≈~~
#≈≈≈≈#
≈#.P~## .~~~
##≈≈≈≈#


You could see a kraken, a merfolk impaler, 2 merfolk javelineers, a merfolk
aquamancer, 4 tentacles, a water nymph and a friendly animated chain mail
(summoned).

Vanquished Creatures
  Gastronok (D:12)
  Ilsuiw (Shoals:4)
  A stone giant (D:15)
  Nessos (D:15)
  A minotaur (Gauntlet)
  3 merfolk javelineers
  An ettin (Orc:1)
  Josephine (Orc:1)
  9 merfolk impalers
  2 spectral krakens (Shoals:3)
  Harold (D:11)
  2 ghost crabs (Shoals:3)
  4 hydras
  4 catoblepae
  3 merfolk avatars
  5 centaur warriors
  2 ogre magi (D:15)
  5 merfolk aquamancers
  2 ironbound frosthearts (IceCv)
  An anaconda (Lair:2)
  10 two-headed ogres
  12 death yaks
  3 boulder beetles
  Urug (Orc:1)
  2 tengu warriors (D:15)
  An orc high priest (Orc:2)
  Sonja (D:13)
  An occultist (D:15)
  Nergalle (D:11)
  2 fire crabs
  3 skysharks
  10 skeletal warriors
  7 sea snakes
  21 harpies
  3 oklob plants (Lair:5)
  2 orc knights (Orc:2)
  A deep elf pyromancer (D:12)
  An ugly thing (D:12)
  An orc sorcerer (Orc:2)
  Maurice (D:11)
  8 fauns
  17 manticores
  8 cyclopes
  3 meliai (D:15)
  A spectral alligator snapping turtle (Shoals:3)
  A rust devil (Gauntlet)
  10 black mambas
  2 ice statues
  3 kobold blastminers (Orc:2)
  4 merfolk sirens
  A spectral sea snake (Shoals:3)
  9 cane toads
  4 water nymphs
  A kobold demonologist (D:10)
  2 unseen horrors
  2 efreet
  2 rime drakes
  2 freezing wraiths
  13 komodo dragons
  A queen bee (D:11)
  8 ice devils (D:11)
  14 polar bears
  9 trolls
  3 wind drakes
  3 hornets
  24 merfolk
  A spectral manticore (Shoals:3)
  2 snapping turtles (Shoals:3)
  11 dream sheep
  17 blink frogs
  A ynoxinul (Gauntlet)
  2 spectral wind drakes (Shoals:3)
  18 slime creatures
  81 yaks
  A spriggan (Lair:3)
  Sigmund (D:3)
  A fire bat (shapeshifter) (D:14)
  5 water elementals
  3 basilisks
  8 wraiths
  A golden eye (Lair:5)
  2 fire bats (Gauntlet)
  Grum (D:9)
  3 wyverns
  5 wargs
  11 vampire mosquitoes
  Menkaure (D:7)
  2 spectral snapping turtles (Shoals:3)
  An acid dragon (D:14)
  14 water moccasins
  Duvessa (D:6)
  3 ice beasts
  An ice dragon simulacrum (Gauntlet)
  A meliai simulacrum (Gauntlet)
  29 orc warriors
  2 sky beasts
  2 laughing skulls (D:14)
  4 black bears
  9 ogres
  39 wolves
  4 boggarts (D:15)
  20 centaurs
  A phantom (D:4)
  An elf zombie (Ossuary)
  2 kobold brigands
  9 bullfrogs
  2 gnoll sergeants
  A scorpion (D:6)
  5 wights (D:9)
  Dowan (D:6)
  A hornet simulacrum (Gauntlet)
  22 killer bees
  6 howler monkeys
  3 electric eels
  3 centaur zombies (Ossuary)
  3 hounds
  Crazy Yiuf (D:3)
  2 human zombies (Ossuary)
  14 jellies
  6 orc priests
  3 iron imps (Gauntlet)
  An iguana (D:7)
  14 orc wizards
  6 hound zombies (Ossuary)
  2 mummies (Ossuary)
  Robin (D:2)
  13 gnolls
  6 adders
  A white imp (D:6)
  8 ufetubi
  7 adder zombies (Ossuary)
  A dart slug (D:2)
  A ribbon worm (D:2)
  The ghost of DeathSocks the Sneak, a weakling VSDe (D:6)
  51 orcs
  4 bats
  8 endoplasms
  5 giant cockroaches
  9 goblins
  5 hobgoblins
  3 jackals (D:1)
  2 quokkas
  9 ball pythons
  A frilled lizard (D:2)
  4 gnoll zombies (Ossuary)
  6 jackal zombies (Ossuary)
  18 kobolds
  4 kobold zombies (Ossuary)
  3 orc zombies (Ossuary)
  4 rats
  A spectral kobold (D:7)
  4 tentacles
886 creatures vanquished.

Vanquished Creatures (collateral kills)
  A skyshark (Lair:3)
  2 fauns
  A merfolk siren (Shoals:2)
  A cyclops (Orc:2)
  Maggie (D:6)
  2 dream sheep (Shoals:1)
  Eustachio (D:6)
  An orc warrior (Orc:2)
  2 ogres (D:15)
  A wolf (D:11)
  A hound (D:11)
  An orc wizard (Orc:2)
15 creatures vanquished.

Vanquished Creatures (others)
  A centaur warrior (D:13)
  A cane toad (Lair:4)
  A merfolk (Shoals:3)
  A snapping turtle (Shoals:1)
  A water moccasin (Lair:2)
  A killer bee (D:11)
  17 tentacles
23 creatures vanquished.

Grand Total: 924 creatures vanquished

Notes
Turn   | Place    | Note
-------+----------+-------------------------------------------
     0 | D:1      | MusterMark the Mountain Dwarf Reaver began the quest for
                  | the Orb.
     0 | D:1      | Reached XP level 1. HP: 17/17 MP: 3/3
   190 | D:1      | Reached skill level 4 in Maces & Flails
   349 | D:1      | Reached XP level 2. HP: 14/24 MP: 4/4
   960 | D:1      | Learned a level 2 spell: Momentum Strike
  1074 | D:2      | Reached skill level 5 in Maces & Flails
  1096 | D:2      | Reached XP level 3. HP: 29/29 MP: 5/5
  1752 | D:3      | Noticed Robin
  1772 | D:3      | Noticed Sigmund
  1772 | D:3      | Found a transporter.
  1777 | D:3      | Killed Sigmund
  1778 | D:3      | Reached skill level 6 in Maces & Flails
  1778 | D:3      | Reached XP level 4. HP: 24/36 MP: 4/6
  1778 | D:3      | Reached XP level 5. HP: 27/41 MP: 4/7
  1813 | D:2      | Killed Robin
  1868 | D:3      | Noticed Larett's ghost (weakling FoEE)
  1897 | D:3      | Noticed Crazy Yiuf
  1897 | D:3      | Found a runed translucent door.
  1917 | D:3      | Killed Crazy Yiuf
  1918 | D:3      | Reached skill level 7 in Maces & Flails
  2409 | D:3      | Reached XP level 6. HP: 43/43 MP: 8/8
  2475 | D:3      | Found a transporter.
  3490 | D:5      | Entered Level 5 of the Dungeon
  3720 | D:5      | Noticed an ice beast
  3733 | D:5      | Killed an ice beast
  3734 | D:5      | Reached skill level 8 in Maces & Flails
  3847 | D:5      | Reached XP level 7. HP: 45/55 MP: 9/9
  4270 | D:6      | Noticed a troll
  4270 | D:6      | Found Alaikhle's Weapon Emporium.
  4326 | D:6      | Reached skill level 9 in Maces & Flails
  4385 | D:6      | Noticed Maggie
  4400 | D:6      | Reached skill level 5 in Conjurations
  4723 | D:6      | Noticed Eustachio
  4736 | D:6      | Killed Eustachio
  4737 | D:6      | Reached XP level 8. HP: 54/61 MP: 10/10
  4815 | D:6      | Killed Maggie
  4816 | D:6      | Reached skill level 10 in Maces & Flails
  5172 | D:6      | Identified the +2 mace of Obbyapu {speed, rC++ rN+}
  5394 | D:6      | Reached skill level 11 in Maces & Flails
  5501 | D:6      | Upgraded the game from 0.32-a0-599-gba8f9cf90e to
                  | 0.32-a0-747-gc8563f6773
  5583 | D:6      | Found a runed translucent door.
  5586 | D:6      | Noticed DeathSocks's ghost (weakling VSDe)
  5614 | D:6      | Reached skill level 1 in Armour
  5617 | D:6      | Noticed Duvessa
  5618 | D:6      | Noticed Dowan
  5643 | D:6      | Killed Duvessa
  5654 | D:6      | Killed Dowan
  5949 | D:6      | Killed a troll
  5950 | D:6      | Reached skill level 12 in Maces & Flails
  6088 | D:6      | Killed DeathSocks's ghost
  6137 | D:7      | Reached XP level 9. HP: 56/67 MP: 11/11
  6137 | D:7      | Found Wuiwk's Book Boutique.
  6145 | D:7      | Found Covuj's General Store.
  6160 | D:7      | Found a sand-covered staircase.
  6169 | Ossuary  | Entered an ossuary
  6246 | Ossuary  | Learned a level 3 spell: Hailstorm
  6783 | D:7      | Reached skill level 13 in Maces & Flails
  6807 | D:7      | Found a staircase to the Ecumenical Temple.
  6817 | Temple   | Entered the Ecumenical Temple
  6839 | Temple   | Became a worshipper of Gozag Ym Sagoz the Greedy
  6936 | D:7      | Noticed Menkaure
  6943 | D:7      | Killed Menkaure
  6985 | D:7      | Bought a potion of heal wounds for 50 gold pieces
  6985 | D:7      | Bought a potion of might for 40 gold pieces
  6985 | D:7      | Bought a scroll of teleportation for 30 gold pieces
  6985 | D:7      | Bought a scroll of teleportation for 30 gold pieces
  7443 | D:7      | Found a hazy altar of Hepliaklqana.
  7754 | D:8      | Found a sparkling altar of Nemelex Xobeh.
  7773 | D:8      | Found Issue's Assorted Antiques.
  7775 | D:8      | Found Galux's Antique Weapon Shoppe.
  7777 | D:8      | Found Renocky's Antique Weapon Emporium.
  7784 | D:8      | Identified a scroll of acquirement
  7784 | D:8      | Acquired the amulet of Spite {rN+ Regen+ MP+9 Int+2}
  8266 | D:8      | Reached skill level 5 in Armour
  8459 | D:8      | Reached skill level 14 in Maces & Flails
  8848 | D:9      | Identified the +2 robe of Bad Feelings {rF+ rN+}
  8890 | D:9      | Noticed Grum
  8911 | D:9      | Reached XP level 10. HP: 73/73 MP: 12/12
  8934 | D:9      | Killed Grum
  9791 | D:8      | Bought a distressingly furry ring mail for 207 gold pieces
  9791 | D:8      | Identified the +3 ring mail "Laidialu" {rF+ Str+2} (You
                  | bought it in a shop on level 8 of the Dungeon)
  9854 | D:10     | Entered Level 10 of the Dungeon
  9854 | D:10     | Noticed a two-headed ogre
  9859 | D:10     | Noticed an orange demon
  9944 | D:10     | Reached skill level 5 in Fighting
 10023 | D:10     | Killed a two-headed ogre
 10059 | D:10     | Noticed a rust devil
 10068 | D:10     | Reached XP level 11. HP: 82/91 MP: 15/15
 10416 | D:10     | Found a portal to a secret trove of treasure.
 10497 | D:11     | Noticed Nergalle
 10530 | D:11     | Killed Nergalle
 11020 | D:11     | Noticed Maurice
 11037 | D:11     | Killed Maurice
 11144 | D:11     | Paralysed by a hornet for 1 turns
 11183 | D:11     | Found a staircase to the Lair.
 11196 | D:11     | Reached skill level 10 in Armour
 11578 | D:11     | Noticed Harold
 11599 | D:11     | Killed Harold
 11600 | D:11     | Reached skill level 5 in Dodging
 11935 | Lair:1   | Entered Level 1 of the Lair of Beasts
 12221 | Lair:1   | Reached XP level 12. HP: 98/100 MP: 16/16
 12633 | D:7      | Bought a book of Armaments for 576 gold pieces
 13432 | Lair:2   | Reached skill level 1 in Earth Magic
 13442 | Lair:2   | Learned a level 3 spell: Stone Arrow
 13541 | Lair:2   | Noticed a six-headed hydra
 13549 | Lair:2   | Killed a six-headed hydra
 13686 | Lair:2   | Reached skill level 5 in Earth Magic
 14148 | Lair:2   | Noticed an anaconda
 14176 | Lair:2   | Killed an anaconda
 14622 | Lair:2   | Reached XP level 13. HP: 95/105 MP: 17/17
 14657 | Lair:2   | Reached skill level 10 in Earth Magic
 14709 | Lair:2   | Reached skill level 1 in Ice Magic
 15445 | Lair:3   | Found a staircase to the Shoals.
 15682 | Lair:3   | Learned a level 4 spell: Animate Armour
 15843 | Lair:3   | Reached skill level 1 in Summonings
 15885 | Lair:3   | Found a staircase to the Snake Pit.
 16571 | Lair:2   | Gained mutation: Your muscles are strong. (Str +4, Int/Dex
                  | -1) [potion of mutation]
 16571 | Lair:2   | Gained mutation: You have hidden genetic potential. [potion
                  | of mutation]
 16571 | Lair:2   | Gained mutation: Your skin changes colour to match your
                  | surroundings (Stealth+). [potion of mutation]
 16571 | Lair:2   | Gained mutation: Your flesh is cold resistant. (rC+)
                  | [potion of mutation]
 16769 | Lair:4   | Acquired the +3 pair of mountain boots {steadfast, rC+}
 16769 | Lair:4   | Found the +3 pair of mountain boots {steadfast, rC+}
 16785 | Lair:4   | Acquired the +6 Majin-Bo {spellvamp, MP+6 Int+6}
 16785 | Lair:4   | Found the +6 Majin-Bo {spellvamp, MP+6 Int+6}
 16787 | Lair:4   | Acquired the +2 hat "Ucriod" {Regen+ rCorr}
 16977 | Lair:4   | Found a staircase to the Slime Pits.
 18291 | D:7      | Bought a book of the Earth for 576 gold pieces
 18297 | D:7      | Learned a level 5 spell: Lee's Rapid Deconstruction
 18501 | Lair:5   | Entered Level 5 of the Lair of Beasts
 18596 | Lair:5   | Reached skill level 5 in Spellcasting
 19696 | Lair:5   | Reached skill level 5 in Ice Magic
 20061 | Lair:5   | Reached XP level 14. HP: 113/113 MP: 21/21
 20196 | Lair:5   | Reached skill level 5 in Summonings
 20383 | Lair:5   | Reached skill level 10 in Conjurations
 21466 | D:11     | Reached skill level 1 in Staves
 21509 | D:11     | Identified the +6 chain mail of Zipsoica {rN+ Dex+4 SInv}
 21763 | D:12     | Noticed Gastronok
 21807 | D:12     | Gained mutation: You have large cloven feet. [hidden
                  | potential]
 21810 | D:12     | Killed Gastronok
 21835 | D:12     | Found a frozen archway.
 21968 | IceCv    | Entered an ice cave
 23279 | D:12     | Found a staircase to the Orcish Mines.
 23635 | D:7      | Bought a book of Movement for 480 gold pieces
 23741 | Orc:1    | Entered Level 1 of the Orcish Mines
 23923 | Orc:1    | Noticed Urug
 23939 | Orc:1    | Killed Urug
 23940 | Orc:1    | Reached skill level 5 in Staves
 23959 | Orc:1    | Noticed Josephine
 24020 | Orc:1    | Killed Josephine
 24294 | Orc:1    | Found Xugafax's Assorted Antiques.
 24303 | Orc:1    | Bought a scroll labelled RUHAGIDD JEUTA for 29 gold pieces
 24334 | Orc:1    | Found a runed translucent door.
 24336 | Orc:1    | Noticed a balrug
 24577 | Orc:2    | Entered Level 2 of the Orcish Mines
 24769 | Orc:2    | Reached XP level 15. HP: 47/118 MP: 17/22
 25090 | Orc:2    | Found Voelaunad's Magic Scroll Shoppe.
 25090 | Orc:2    | Found Imporiots's Weapon Shop.
 25092 | Orc:2    | Found Uwnadgh's Book Boutique.
 25094 | Orc:2    | Found Xuamynli's Distillery.
 25207 | Orc:2    | Bought a scroll of revelation for 120 gold pieces
 25207 | Orc:2    | Bought a scroll of torment for 152 gold pieces
 25207 | Orc:2    | Bought a scroll of teleportation for 48 gold pieces
 25234 | Orc:2    | Found a staircase to the Elven Halls.
 25316 | Orc:2    | Paralysed by an orc sorcerer for 4 turns
 26238 | D:13     | Noticed Sonja
 26243 | D:13     | Killed Sonja
 26314 | D:13     | Gained mutation: Your flesh is heat resistant. (rF+)
                  | [hidden potential]
 26314 | D:13     | Lost mutation: You have hidden genetic potential. [hidden
                  | potential expressed]
 26811 | D:13     | Found a gate to the Vaults.
 27107 | D:14     | Upgraded the game from 0.32-a0-747-gc8563f6773 to
                  | 0.32-a0-768-g0f6f1dd4b9
 27152 | D:14     | Found a gate leading to a gauntlet.
 27157 | Gauntlet | Entered a Gauntlet
 27157 | Gauntlet | Found a transporter.
 27157 | Gauntlet | Found a transporter.
 27263 | Gauntlet | Found a transporter.
 27267 | Gauntlet | Found a transporter.
 27267 | Gauntlet | Found a runed translucent door.
 27271 | Gauntlet | Found a runed translucent door.
 27275 | Gauntlet | Found a transporter.
 27279 | Gauntlet | Found a transporter.
 27283 | Gauntlet | Found a runed translucent door.
 27283 | Gauntlet | Found a runed translucent door.
 27293 | Gauntlet | Found a transporter.
 27310 | Gauntlet | Found a transporter.
 27331 | Gauntlet | Found a transporter.
 27335 | Gauntlet | Found a transporter.
 27349 | Gauntlet | Found a transporter.
 27352 | Gauntlet | Found a transporter.
 27496 | Gauntlet | Identified the +7 glaive of the Turnip {flame, Int+2 Dex+2}
 27689 | Gauntlet | Identified the ring of Ellaxuti {rPois rF+ rC+}
 28450 | D:14     | Found an ornate altar of the Wu Jian Council.
 28496 | D:15     | Entered Level 15 of the Dungeon
 28502 | D:15     | Noticed Nessos
 28549 | D:15     | Killed Nessos
 29240 | D:15     | Reached skill level 10 in Summonings
 29246 | D:15     | Reached XP level 16. HP: 107/126 MP: 4/23
 29544 | D:15     | Found a staircase to the Depths.
 29719 | Lair:2   | Upgraded the game from 0.32-a0-768-g0f6f1dd4b9 to
                  | 0.32-a0-818-gb728d0252e
 29787 | Shoals:1 | Entered Level 1 of the Shoals
 29792 | Shoals:1 | Reached skill level 10 in Ice Magic
 29802 | Lair:3   | Reached skill level 1 in Evocations
 29900 | Shoals:1 | Reached skill level 1 in Necromancy
 31321 | Shoals:1 | Reached skill level 5 in Evocations
 31324 | Shoals:1 | Reached skill level 5 in Necromancy
 32283 | Shoals:2 | Learned a level 3 spell: Vampiric Draining
 33001 | Shoals:2 | Learned a level 4 spell: Dispel Undead
 35328 | Shoals:4 | Entered Level 4 of the Shoals
 35952 | Shoals:4 | Reached XP level 17. HP: 132/132 MP: 26/26
 36309 | Shoals:4 | Identified the amulet "Odakhlir" {Spirit Harm Will+ Stlth+}
 36833 | Shoals:4 | Noticed Ilsuiw
 36854 | Shoals:4 | Killed Ilsuiw
 37148 | Shoals:4 | Noticed a kraken
 37172 | Shoals:4 | HP: 2/132 [water nymph/the raging water (20)]
 37172 | Shoals:4 | Slain by a tentacle

Illustrated notes

Levels and vault maps discovered:
D:1:      dpeg_arrival_rhombus, layout_basic, nrook_campfire
D:2:      wad_pebble_path, layout_loops_ring, minivault_23,
          nicolae_concentric_dashed_squares_mild
D:3:      layout_rooms, gammafunk_ghost_arena, serial_forest,
          infiniplex_forest_diagonal, infiniplex_forest_straight_2,
          infiniplex_forest_clump_double, infiniplex_forest_lined_3,
          infiniplex_forest_straight_4, infiniplex_forest_end_2,
          infiniplex_forest_end_3, uniq_crazy_yiuf_cottage, uniq_sigmund,
          uniq_robin
D:4:      minmay_wonky_spiral, layout_loops_corners, nicolae_elevator_lobby_plus
D:5:      layout_basic, minivault_4, nicolae_eternal_life, minmay_fountain_box
D:6:      layout_cave_pods, hellmonk_ghost_happy_afterlife, serial_shops,
          nicolae_shop_bloodbath_and_beyond, kennysheep_generic_room_13,
          uniq_maggie, uniq_eustachio, uniq_duvessa
D:7:      layout_layer_cave, nicolae_hepliaklqana_monster_ancestors,
          temple_fountains, chequers_ossuary_entry_cave, serial_shops, shop,
          nicolae_shop_stone, uniq_menkaure
D:8:      layout_loops_ring, mainiacjoe_overflow_cross_hatched,
          chequers_serial_rivers_room_a, nicolae_wooded_promenade
D:9:      layout_long_grid, uniq_grum
D:10:     layout_rooms, enter_trove_1
D:11:     cheibrodos_frozen_isle, layout_loops_ring, erik_lair_island,
          minmay_hedge_maze, minivault_7, uniq_nergalle, uniq_maurice,
          uniq_harold
D:12:     layout_rooms, orc_0_dummy, portal_ice_cave_entry_pillars_2,
          uniq_gastronok
D:13:     layout_loops_ring, hellmonk_vaults_attempted_burglary,
          corexii_hall_statues_u, uniq_sonja
D:14:     layout_loops_ring, nzn_wu_jian_council_hall, gauntlet_entry_generic,
          minmay_misc_feat_chi
D:15:     grunt_enter_depths_snipers, layout_cave_pools, minmay_misc_feat_x,
          uniq_nessos
Temple:   nicolae_temple_bog_church
Lair:1:   layout_loops_ring, serial_bayou_pond_e, beast_lair_carwin_4,
          infiniplex_staircase_pool_2
Lair:2:   layout_regular_city, st_stairs_10, nicolae_lair_lakeside_cave
Lair:3:   layout_regular_city, shoals_dummy_entry,
          minmay_snake_entry_six_corridors, grunt_forest_stairs_clearing
Lair:4:   layout_hall_layers, minmay_slime_entry_jelly_boxes, minmay_holes,
          grunt_megastairs_4
Lair:5:   evilmike_catoblepas_cave, layout_cave_pods, minivault_27,
          disabler_island
Shoals:1: layout_shoals, st_sunken_huts
Shoals:2: layout_shoals
Shoals:3: layout_shoals, nicolae_shoals_spectral_cove
Shoals:4: shoals_end_hangedman, layout_shoals, shoals_ilsuiw_alternative,
          nicolae_shoals_cliffside_cave
Orc:1:    dreamdust_dug_too_deep, layout_caves, serial_shops, shop, uniq_urug,
          uniq_josephine
Orc:2:    st_orc_rangers, layout_caves

Skill      XL: |  1  2  3  4  5  6  7  8  9 10 11 12 13 14 15 16 17 |
---------------+----------------------------------------------------+-----
Maces & Flails | 4 5 6 7 8 9 12 14 | 14.0
Conjurations   | 3 4 5 6 7 8 9 11 12 | 12.0
Armour         | 3 7 8 10 12 | 12.0
Spellcasting   | 3 5 6 |  6.9
Fighting       | 6 7 |  7.0
Dodging        | 5 6 |  6.0
Earth Magic    | 9 10 | 10.0
Ice Magic      | 5 7 9 10 | 10.0
Summonings     | 4 7 10 | 10.0
Staves         | 5 8 |  8.7
Evocations     | 8 9 |  9.2
Necromancy     | 8 9 |  9.2

Action                     |  1- 3 |  4- 6 |  7- 9 | 10-12 | 13-15 | 16-18 || total
---------------------------+-------+-------+-------+-------+-------+-------++-------
  Melee: Mace              |   125 |   116 |   408 |  1105 |  2401 |    27 ||  4182
         Bo                |       |       |       |       |       |   239 ||   239
  Throw: Dart              |       |       |       |     2 |     1 |     1 ||     4
   Cast: Momentum Strike   |     1 |     3 |     3 |       |       |       ||     7
         Kiss of Death     |     1 |     1 |     1 |       |       |       ||     3
         Hailstorm         |       |       |    10 |    23 |    34 |     1 ||    68
         Stone Arrow       |       |       |       |     7 |   106 |   317 ||   430
         Lee's Rapid Decon |       |       |       |       |    36 |    41 ||    77
         Animate Armour    |       |       |       |       |     5 |     4 ||     9
         Dispel Undead     |       |       |       |       |       |     4 ||     4
 Invoke: Potion Petition   |       |       |       |       |     2 |     4 ||     6
  Evoke: Wand              |       |       |     6 |    24 |     9 |     4 ||    43
         Condenser vane    |       |       |       |       |     1 |       ||     1
    Use: Scroll            |     1 |    14 |    10 |     4 |    19 |     5 ||    53
         Potion            |       |       |     1 |     3 |    14 |     2 ||    20
   Stab: Distracted        |       |       |     1 |     6 |     6 |     1 ||    14
         Sleeping          |       |       |     1 |       |     1 |       ||     2
         Invisible         |       |       |       |     1 |     4 |     8 ||    13
         Petrified         |       |       |       |     5 |     3 |       ||     8
         Confused          |       |       |       |       |     1 |       ||     1
 Armour: Leather armour    |    82 |   113 |   265 |    50 |       |       ||   510
         Steam dragon scal |       |       |    19 |       |       |       ||    19
         Skin              |       |       |     3 |       |       |       ||     3
         Ring mail         |       |       |       |   443 |   447 |       ||   890
         Chain mail        |       |       |       |       |  1014 |   629 ||  1643
  Dodge: Dodged            |    91 |    72 |   225 |   330 |   810 |   257 ||  1785

Table legend: (Time is in decaauts)
 A = Elapsed time spent in this place.
 B = Non-inter-level travel time spent in this place.
 C = Inter-level travel time spent in this place.
 D = Time resting spent in this place.
 E = Time spent auto-exploring this place.
 F = Levels seen in this place.
 G = Mean time per level.
                   A        B        C        D        E       F      G
               +--------+--------+--------+--------+--------+-----+--------+
         Total |  35086 |  31692 |   3394 |   2452 |  21107 |  30 | 1169.5 |
       Dungeon |  16015 |  14448 |   1567 |    772 |  10335 |  15 | 1067.7 |
        Temple |     44 |      2 |     42 |      0 |      0 |   1 |   44.0 |
          Lair |   8388 |   7165 |   1223 |    500 |   4834 |   5 | 1677.6 |
        Shoals |   7087 |   6600 |    487 |    761 |   4396 |   4 | 1771.8 |
  Orcish Mines |   1729 |   1654 |     75 |    176 |    959 |   2 |  864.5 |
       Ossuary |    340 |    340 |      0 |     40 |     93 |   1 |  340.0 |
      Ice Cave |    961 |    961 |      0 |     27 |    489 |   1 |  961.0 |
      Gauntlet |    518 |    518 |      0 |    175 |      0 |   1 |  518.0 |
               +--------+--------+--------+--------+--------+-----+--------+

Top non-repeatable levels by time:
    D:11: 2272 daAuts
  Lair:5: 2212 daAuts
Shoals:3: 2114 daAuts
  Lair:2: 2088 daAuts
Shoals:1: 1999 daAuts
     D:6: 1789 daAuts
Shoals:4: 1566 daAuts
  Lair:3: 1415 daAuts
Shoals:2: 1406 daAuts
  Lair:4: 1402 daAuts
  Lair:1: 1270 daAuts
     D:7: 1220 daAuts
    D:13: 1125 daAuts
     D:9: 1106 daAuts
     D:8: 1058 daAuts
